NWL (28 & UNDER)
RIVERSIDE RED BULLS @ BISMARK BORDER GUARDS
09/08/2029
 
TOP OF THE 1ST
Riverside Red Bulls batting - Pitching for Bismark Border Guards : RHP Michael Morris
Pitching: RHP Michael Morris
Batting: RHB Donovan James 0-0: Swinging Strike
0-1: Ball
1-1: Ball
2-1: Foul Ball, location: 2F
2-2: Foul Ball, location: 2F
2-2: Strikes out looking
Batting: LHB José Guillén 0-0: Fly out, F5 (Popup, 5S)
Batting: RHB José García 0-0: Swinging Strike
0-1: Ball
1-1: Ball
2-1: Foul Ball, location: 2F
2-2: Ball
3-2: Foul Ball, location: 2F
3-2: Base on Balls
Batting: RHB Ricardo Guzmán 0-0: Ball
José García steals 2nd base
1-0: Called Strike
1-1: Ball
2-1: Foul Ball, location: 2F
2-2: Strikes out swinging
Top of the 1st over - 0 runs, 0 hits, 0 errors, 1 left on base; Riverside 0 - Bismark 0
BOTTOM OF THE 1ST
Bismark Border Guards batting - Pitching for Riverside Red Bulls : RHP Máximo Salazar
Pitching: RHP Máximo Salazar
Batting: RHB Alfredo Farías 0-0: Ball
1-0: Ground out 5-3 (Groundball, 56S)
Batting: LHB Will Hill 0-0: Ball
1-0: Foul Ball, location: 2F
1-1: Ball
2-1: Ground out 1-3 (Groundball, P)
Batting: RHB Vincent Braun 0-0: Ball
1-0: Foul Ball, location: 2F
1-1: Swinging Strike
1-2: Strikes out looking
Bottom of the 1st over - 0 runs, 0 hits, 0 errors, 0 left on base; Riverside 0 - Bismark 0
TOP OF THE 2ND
Riverside Red Bulls batting - Pitching for Bismark Border Guards : RHP Michael Morris
Batting: LHB Gabriel Estrada 0-0: Called Strike
0-1: Ball
1-1: Foul Ball, location: 2F
1-2: Foul Ball, location: 2F
1-2: Foul Ball, location: 2F
1-2: DOUBLE (Line Drive, 89XD)
Batting: RHB John Burton 0-0: Called Strike
0-1: Ground out 4-3 (Groundball, 4)
Gabriel Estrada to third
Batting: RHB Robert Stevens 0-0: Ball
1-0: Ground out 6-3 (Groundball, 6)
Gabriel Estrada scores
Batting: SHB Ángel Estrada 0-0: Called Strike
0-1: Called Strike
0-2: Strikes out swinging
Top of the 2nd over - 1 run, 1 hit, 0 errors, 0 left on base; Riverside 1 - Bismark 0
BOTTOM OF THE 2ND
Bismark Border Guards batting - Pitching for Riverside Red Bulls : RHP Máximo Salazar
Batting: LHB Alan Moore 0-0: Fly out, F7 (Flyball, 78D)
Batting: RHB Mario Carranza 0-0: Foul Ball, location: 2F
0-1: Called Strike
0-2: Ball
1-2: Ball
2-2: Foul Ball, location: 2F
2-2: Ball
3-2: Fly out, F8 (Flyball, 8LD)
Batting: RHB Danny Spode 0-0: Called Strike
0-1: SINGLE (Line Drive, 8LS)
Batting: RHB Sergio Solíz 0-0: Swinging Strike
0-1: Ball
1-1: SINGLE (Groundball, 4MD)
Danny Spode to second
Runner from 2nd tries for 3rd, SAFE, no throw
Batting: LHB Kelsey Scott 0-0: Ball
1-0: Swinging Strike
1-1: Foul Ball, location: 2F
1-2: Foul Ball, location: 2F
1-2: Ball
2-2: Ball
3-2: Base on Balls
Sergio Solíz to second
Batting: LHB Juan Viera 0-0: Ball
1-0: Called Strike
1-1: Ball
2-1: Ball
3-1: Base on Balls
Danny Spode scores
Sergio Solíz to third
Kelsey Scott to second
Batting: RHB Alfredo Farías 0-0: Ball
1-0: DOUBLE (Line Drive, 7LM)
Sergio Solíz scores
Kelsey Scott scores
Juan Viera to third
Runner from 3rd tries for Home, SAFE, no throw
Batting: LHB Will Hill 0-0: Ball
1-0: Foul Ball, location: 2F
1-1: Fly out, F8 (Line Drive, 8RM)
Bottom of the 2nd over - 4 runs, 3 hits, 0 errors, 1 left on base; Riverside 1 - Bismark 4
TOP OF THE 3RD
Riverside Red Bulls batting - Pitching for Bismark Border Guards : RHP Michael Morris
Batting: RHB Juan Morales 0-0: Ground out 5-3 (Groundball, 56)
Batting: RHB Donovan James 0-0: Foul Ball, location: 2F
0-1: Ball
1-1: Foul Ball, location: 2F
1-2: Strikes out looking
Batting: LHB José Guillén 0-0: DOUBLE (Flyball, 78D)
Batting: RHB José García 0-0: Hit by Pitch
Batting: RHB Ricardo Guzmán 0-0: Ground out 4-3 (Groundball, 34)
Top of the 3rd over - 0 runs, 1 hit, 0 errors, 2 left on base; Riverside 1 - Bismark 4
BOTTOM OF THE 3RD
Bismark Border Guards batting - Pitching for Riverside Red Bulls : RHP Máximo Salazar
Batting: RHB Vincent Braun 0-0: Ball
1-0: Called Strike
1-1: Ball
2-1: Called Strike
2-2: Ground out 6-3 (Groundball, 6)
Batting: LHB Alan Moore 0-0: Ball
1-0: Foul Ball, location: 2F
1-1: Ball
2-1: Swinging Strike
2-2: Strikes out swinging
Batting: RHB Mario Carranza 0-0: Called Strike
0-1: Called Strike
0-2: Foul Ball, location: 2F
0-2: Ball
1-2: SINGLE (Line Drive, 8LS)
Batting: RHB Danny Spode 0-0: Ball
1-0: Ball
2-0: Ball
3-0: Swinging Strike
3-1: Base on Balls
Mario Carranza to second
Batting: RHB Sergio Solíz 0-0: Called Strike
0-1: Ball
1-1: Ball
2-1: Swinging Strike
2-2: Strikes out swinging
Bottom of the 3rd over - 0 runs, 1 hit, 0 errors, 2 left on base; Riverside 1 - Bismark 4
TOP OF THE 4TH
Riverside Red Bulls batting - Pitching for Bismark Border Guards : RHP Michael Morris
Batting: LHB Gabriel Estrada 0-0: Called Strike
0-1: Foul Ball, location: 2F
0-2: Ball
1-2: Ball
2-2: Strikes out swinging
Batting: RHB John Burton 0-0: Called Strike
0-1: Ball
1-1: Swinging Strike
1-2: Strikes out swinging
Batting: RHB Robert Stevens 0-0: Ball
1-0: Foul Ball, location: 2F
1-1: Foul Ball, location: 2F
1-2: Fly out, F5 (Popup, 56)
Top of the 4th over - 0 runs, 0 hits, 0 errors, 0 left on base; Riverside 1 - Bismark 4
BOTTOM OF THE 4TH
Bismark Border Guards batting - Pitching for Riverside Red Bulls : RHP Máximo Salazar
Batting: LHB Kelsey Scott 0-0: Ball
1-0: Ball
2-0: Foul Ball, location: 2F
2-1: Foul Ball, location: 2F
2-2: Ball
3-2: Foul Ball, location: 2F
3-2: Strikes out swinging
Batting: LHB Juan Viera 0-0: Ball
1-0: Foul Ball, location: 2F
1-1: Swinging Strike
1-2: Ground out 6-3 (Groundball, 6M)
Batting: RHB Alfredo Farías 0-0: Called Strike
0-1: Foul Ball, location: 2F
0-2: Ball
1-2: Ball
2-2: Ball
3-2: Strikes out swinging
Bottom of the 4th over - 0 runs, 0 hits, 0 errors, 0 left on base; Riverside 1 - Bismark 4
TOP OF THE 5TH
Riverside Red Bulls batting - Pitching for Bismark Border Guards : RHP Michael Morris
Batting: SHB Ángel Estrada 0-0: Called Strike
0-1: Swinging Strike
0-2: Foul Ball, location: 2F
0-2: Strikes out swinging
Batting: RHB Juan Morales 0-0: Called Strike
0-1: Foul Ball, location: 2F
0-2: Foul Ball, location: 2F
0-2: Strikes out swinging
Batting: RHB Donovan James 0-0: Ball
1-0: Called Strike
1-1: Ball
2-1: Swinging Strike
2-2: Foul Ball, location: 2F
2-2: Foul Ball, location: 2F
2-2: Ball
3-2: Ground out U3 (Groundball, 3L)
Top of the 5th over - 0 runs, 0 hits, 0 errors, 0 left on base; Riverside 1 - Bismark 4
BOTTOM OF THE 5TH
Bismark Border Guards batting - Pitching for Riverside Red Bulls : RHP Máximo Salazar
Batting: LHB Will Hill 0-0: Ball
1-0: Swinging Strike
1-1: Foul Ball, location: 2F
1-2: Strikes out looking
Batting: RHB Vincent Braun 0-0: Swinging Strike
0-1: Swinging Strike
0-2: Ball
1-2: SOLO HOME RUN (Flyball, 9D), Distance : 371 ft
Batting: LHB Alan Moore 0-0: Called Strike
0-1: Ball
1-1: Ground out U3 (Groundball, 3)
Batting: RHB Mario Carranza 0-0: Called Strike
0-1: Swinging Strike
0-2: Ball
1-2: Ground out 6-3 (Groundball, 6)
Bottom of the 5th over - 1 run, 1 hit, 0 errors, 0 left on base; Riverside 1 - Bismark 5
TOP OF THE 6TH
Riverside Red Bulls batting - Pitching for Bismark Border Guards : RHP Michael Morris
Batting: LHB José Guillén 0-0: Ball
1-0: Swinging Strike
1-1: Foul Ball, location: 2F
1-2: Ball
2-2: Ball
3-2: Fly out, F2 (Popup, 25F)
Batting: RHB José García 0-0: Ball
1-0: Ball
2-0: Ball
3-0: Called Strike
3-1: SINGLE (Groundball, 4D)
Batting: RHB Ricardo Guzmán 0-0: DOUBLE (Line Drive, 78XD)
José García to third
Runner from 3rd tries for Home, SAFE, no throw
Pitching: RHP Steve Benson
Batting: LHB Gabriel Estrada 0-0: Ball
1-0: Ball
2-0: Ball
3-0: Called Strike
3-1: Swinging Strike
3-2: Base on Balls
Batting: RHB John Burton 0-0: Called Strike
0-1: Foul Ball, location: 2F
0-2: Strikes out looking
Batting: RHB Robert Stevens 0-0: Ball
1-0: Foul Ball, location: 2F
1-1: Foul Ball, location: 2F
1-2: Ball
2-2: Strikes out swinging
Top of the 6th over - 1 run, 2 hits, 0 errors, 2 left on base; Riverside 2 - Bismark 5
BOTTOM OF THE 6TH
Bismark Border Guards batting - Pitching for Riverside Red Bulls : RHP Máximo Salazar
Batting: RHB Danny Spode 0-0: Foul Ball, location: 2F
0-1: Fly out, F7 (Line Drive, 7S)
Batting: RHB Sergio Solíz 0-0: Ball
1-0: Ball
2-0: Foul Ball, location: 2F
2-1: Foul Ball, location: 2F
2-2: Strikes out looking
Batting: LHB Kelsey Scott 0-0: Swinging Strike
0-1: Foul Ball, location: 2F
0-2: Ball
1-2: Ball
2-2: Ball
3-2: Foul Ball, location: 2F
3-2: Foul Ball, location: 2F
3-2: Foul Ball, location: 2F
3-2: Strikes out swinging wild pitch, reaches first!
Pitching: RHP Juan Herrera
Batting: LHB Juan Viera 0-0: Called Strike
0-1: Ground out U3 (Groundball, 3L)
Bottom of the 6th over - 0 runs, 0 hits, 0 errors, 1 left on base; Riverside 2 - Bismark 5
TOP OF THE 7TH
Riverside Red Bulls batting - Pitching for Bismark Border Guards : RHP Steve Benson
Now at 3B: José Vidal
Batting: SHB Ángel Estrada 0-0: Ball
1-0: Called Strike
1-1: Called Strike
1-2: Foul Ball, location: 2F
1-2: Ground out 1-3 (Groundball, P)
Batting: RHB Juan Morales 0-0: Swinging Strike
0-1: Called Strike
0-2: Ball
1-2: Ball
2-2: Strikes out swinging
Batting: RHB Donovan James 0-0: Swinging Strike
0-1: Foul Ball, location: 2F
0-2: Ball
1-2: Ground out 4-3 (Groundball, 4S)
Top of the 7th over - 0 runs, 0 hits, 0 errors, 0 left on base; Riverside 2 - Bismark 5
BOTTOM OF THE 7TH
Bismark Border Guards batting - Pitching for Riverside Red Bulls : RHP Juan Herrera
Batting: RHB Alfredo Farías 0-0: Called Strike
0-1: Ball
1-1: Ball
2-1: Ball
3-1: Base on Balls
Batting: LHB Will Hill 0-0: Ball
1-0: Swinging Strike
1-1: Ball
2-1: Swinging Strike
2-2: Foul Ball, location: 2F
2-2: Ball
3-2: Ground out 1-3 (Groundball, 15S)
Alfredo Farías to second
Batting: RHB Vincent Braun 0-0: Ball
1-0: Ground out 6-3 (Groundball, 6)
Alfredo Farías to third
Batting: LHB Alan Moore 0-0: Ball
1-0: Foul Ball, location: 2F
1-1: Ball
2-1: Ball
3-1: Swinging Strike
3-2: Base on Balls
Batting: RHB Mario Carranza 0-0: Ball
1-0: Ball
2-0: Ball
3-0: Foul Ball, location: 2F
3-1: SINGLE (Groundball, 56D)
Alfredo Farías scores
Alan Moore to second
Batting: RHB José Vidal 0-0: Fly out, F6 (Line Drive, 6)
Bottom of the 7th over - 1 run, 1 hit, 0 errors, 2 left on base; Riverside 2 - Bismark 6
TOP OF THE 8TH
Riverside Red Bulls batting - Pitching for Bismark Border Guards : RHP Steve Benson
Batting: LHB José Guillén 0-0: Ball
1-0: Fly out, F2 (Popup, 25F)
Batting: RHB José García 0-0: Ball
1-0: Ball
2-0: Fly out, F9 (Flyball, 9D)
Batting: RHB Ricardo Guzmán 0-0: Ball
1-0: Ball
2-0: Called Strike
2-1: Called Strike
2-2: Foul Ball, location: 2F
2-2: Strikes out swinging
Top of the 8th over - 0 runs, 0 hits, 0 errors, 0 left on base; Riverside 2 - Bismark 6
BOTTOM OF THE 8TH
Bismark Border Guards batting - Pitching for Riverside Red Bulls : RHP Juan Herrera
Batting: RHB Sergio Solíz 0-0: Called Strike
0-1: Ball
1-1: Foul Ball, location: 2F
1-2: Ball
2-2: Foul Ball, location: 2F
2-2: Strikes out swinging
Batting: LHB Kelsey Scott 0-0: Ball
1-0: Ball
2-0: Called Strike
2-1: Foul Ball, location: 2F
2-2: SINGLE (Groundball, 34D)
Batting: LHB Juan Viera 0-0: Called Strike
0-1: Ball
1-1: Ball
2-1: Fly out, F8 (Flyball, 78D)
Batting: RHB Alfredo Farías 0-0: Called Strike
0-1: Ball
1-1: Ball
Kelsey Scott steals 2nd base
2-1: Ball
3-1: Base on Balls
Batting: LHB Will Hill 0-0: Called Strike
0-1: Swinging Strike
0-2: Strikes out looking
Bottom of the 8th over - 0 runs, 1 hit, 0 errors, 2 left on base; Riverside 2 - Bismark 6
TOP OF THE 9TH
Riverside Red Bulls batting - Pitching for Bismark Border Guards : RHP Steve Benson
Pitching: RHP Tony Baltazar
Batting: LHB Gabriel Estrada 0-0: Called Strike
0-1: Ground out 4-3 (Groundball, 4)
Batting: RHB John Burton 0-0: Ball
1-0: Called Strike
1-1: Called Strike
1-2: Foul Ball, location: 2F
1-2: SINGLE (Line Drive, 56D)
Batting: RHB Robert Stevens 0-0: Ball
1-0: Ball
2-0: Ball
3-0: Base on Balls
John Burton to second
Batting: SHB Ángel Estrada 0-0: Ball
1-0: Called Strike
1-1: Called Strike
1-2: Strikes out looking
Batting: RHB Juan Morales 0-0: Ball
1-0: Ball
2-0: Ball
3-0: Base on Balls
John Burton to third
Robert Stevens to second
Batting: RHB Donovan James 0-0: SINGLE (Line Drive, 56D)
John Burton scores
Robert Stevens to third
Juan Morales to second
Batting: LHB José Guillén 0-0: Ball
1-0: Swinging Strike
1-1: Foul Ball, location: 2F
1-2: Foul Ball, location: 2F
1-2: Ball
2-2: Strikes out looking
Top of the 9th over - 1 run, 2 hits, 0 errors, 3 left on base; Riverside 3 - Bismark 6
Saturday, December 16th, 2017 - OOTP Baseball 18.8 Build 76